 Dungeon Crawl Stone Soup version 0.21.0-25-ge575cb9ce8 (webtiles) character file.

62536 DildoBatman the Bewitcher (level 15, -2/110 HPs)
             Began as a Formicid Enchanter on Jan 26, 2018.
             Was a High Priest of Sif Muna.
             Killed from afar by a guardian serpent (13 damage)
             ... with a bolt of poison
             ... on level 5 of the Lair of Beasts on Jan 27, 2018.
             The game lasted 02:39:25 (29454 turns).

DildoBatman the Bewitcher (Formicid Enchanter)     Turns: 29454, Time: 02:39:25

Health: -2/110     AC: 19    Str: 27    XL:     15   Next: 46%
Magic:  1/29       EV: 15    Int: 14    God:    Sif Muna [*****.]
Gold:   1745       SH:  4    Dex: 11    Spells: 16/34 levels left

rFire    . . .     SeeInvis +   b - +0 glaive "Ighieh" {drain, rC+ Stlth+}
rCold    + + .     Gourm    +   h - +0 buckler
rNeg     + . .     Faith    .   p - +3 chain mail
rPois    .         Spirit   .   (helmet unavailable)
rElec    +         Reflect  .   M - +1 cloak of Starlight {rElec rC+ EV+4 Stlth--}
rCorr    .         Harm     .   W - +0 pair of gloves
MR       +....                  N - +0 pair of boots "Ydecureo" {rN+ Regen+}
Stlth    +.........             g - amulet of the gourmand
HPRegen  0.68/turn              l - +4 ring of strength
MPRegen  0.21/turn              O - +5 ring of strength

@: lethally poisoned (-2 -> -5)
A: permanent stasis, dig shafts and tunnels, four strong arms, antennae 3, dopey
1
a: Dig, Shaft Self, Divine Energy, Channel Magic, Forget Spell, Renounce
Religion


You were on level 5 of the Lair of Beasts.
You worshipped Sif Muna.
Sif Muna was extremely pleased with you.
You were very full.

You visited 4 branches of the dungeon, and saw 21 of its levels.
You also visited: Labyrinth.

You collected 1745 gold pieces.

Inventory:

Hand Weapons
 a - a +2 quarterstaff of chaos
 b - the +0 glaive "Ighieh" (weapon) {drain, rC+ Stlth+}
   (You took it off a minotaur in a labyrinth)

   A truly terrible weapon, it drains the life of those it strikes.
   It protects you from cold.
   It makes you more stealthy.
 c - a +2 dagger of electrocution
 d - a +2 falchion of holy wrath
 e - a +2 scimitar of freezing
 f - a +1 rapier of venom
 n - a +3 glaive of protection
Armour
 h - a +0 buckler (worn)
 o - a +0 troll leather armour
 p - a +3 chain mail (worn)
 E - a +1 scale mail of cold resistance
 M - the +1 cloak of Starlight (worn) {rElec rC+ EV+4 Stlth--}
   (You found it in a labyrinth)

   It affects your evasion (+4).
   It protects you from cold.
   It insulates you from electricity.
   It makes you much less stealthy.
 N - the +0 pair of boots "Ydecureo" (worn) {rN+ Regen+}
   (You found it in a labyrinth)

   It protects you from negative energy.
   It increases your rate of regeneration.
 W - a +0 pair of gloves (worn)
Magical Staves
 t - an uncursed staff of energy {unknown}
Jewellery
 g - an amulet of the gourmand (around neck)
 l - a +4 ring of strength (left hand)
 m - an uncursed amulet of magic regeneration
 r - a +4 amulet of reflection
 G - an uncursed ring of resist corrosion
 O - a +5 ring of strength (right hand)
 Q - an uncursed ring of ice
 S - an uncursed ring of ice
Wands
 L - a wand of disintegration (21)
Scrolls
 s - 3 scrolls of immolation {unknown}
 u - a scroll of amnesia {unknown}
 x - 4 scrolls of remove curse
 y - 3 scrolls of magic mapping
 z - 10 scrolls of identify
Potions
 j - 12 potions of curing
 k - 7 potions of flight
 q - a potion of magic {unknown}
Books
 i - a book of Battle

   Spells                             Type                      Level
   a - Infusion                       Charms                       1
   b - Shroud of Golubria             Charms/Translocation         2
   c - Song of Slaying                Charms                       2
   d - Spectral Weapon                Hexes/Charms                 3
   e - Regeneration                   Charms/Necromancy            3
Miscellaneous
 V - a fan of gales (inert)
Comestibles
 v - 41 rations
 w - 7 chunks of flesh


   Skills:
 * Level 8.3 Fighting
 - Level 1.0 Short Blades
 * Level 8.2 Armour
 - Level 6.0 Dodging
 * Level 11.2 Stealth
 - Level 3.0 Shields
 - Level 10.0 Spellcasting
 * Level 19.0 Hexes
 * Level 9.1 Charms
 * Level 1.4 Necromancy
 * Level 1.5 Evocations


You had 16 spell levels left.
You knew the following spells:

 Your Spells              Type           Power        Failure   Level  Hunger
a - Slow                  Hex            ######..     1%          2    None
b - Confuse               Hex            ######..     1%          3    #......
c - Spectral Weapon       Hex/Chrm       #####...     1%          3    #......
d - Regeneration          Chrm/Necr      ###.......   17%         3    #......
g - Corona                Hex            ######.      1%          1    None
i - Invisibility          Hex            ######..     3%          6    ######.


Dungeon Overview and Level Annotations

Branches:
Dungeon (13/15)            Temple (1/1) D:6            Lair (6/6) D:11
 Shoals (0/4) Lair:4       Spider (0/4) Lair:2        Slime (0/5) Lair:5
    Orc (1/2) D:12
 Vaults: D:13-14

Altars:
Ashenzari
Cheibriados
Dithmenos
Elyvilon
Fedhas
Gozag
Hepliaklqana
Kikubaaqudgha
Makhleb
Nemelex Xobeh
Okawaru
Qazlal
Ru
Sif Muna
Trog
Uskayaw
Vehumet
Wu Jian
Xom
Yredelemnul
Zin
The Shining One

Shops:
D:7 }   D:9 %   D:10 :

Annotations:
D:9 Erolcha
Lair:1 1 exclusion
Lair:5 TheWayOfAllFlesh's ghost, journeyman GrEE


Innate Abilities, Weirdness & Mutations

You cannot be hasted, slowed, berserked, paralysed or teleported.
You can dig through walls and to a lower floor.
Your four strong arms can wield two-handed weapons with a shield.
You have a pair of large antennae on your head. (SInv)
You are dopey. (Int -2)


Message History

The guardian serpent resists with some effort.
You feel sick.
The guardian serpent coils itself and waves its upper body at you.
The bolt of poison hits you!
You are more poisoned.
You dig through the rock wall.
You feel very sick. The guardian serpent barely misses you.
You dig through the rock wall.
You feel very sick.
The guardian serpent coils itself and waves its upper body at you.
The bolt of poison hits you!
You are lethally poisoned!
You feel better.
The guardian serpent casts a spell at you.
You easily resist.
The guardian serpent coils itself and waves its upper body at you.
The bolt of poison hits you!
You are poisoned.
You die...

##............#.........##### #
#..........#...........##..###
#.....................P.......
##..........P..........P.....#.
##...........##.+..>.....##.#..#
#...P.'##.######.........#######
###.##...## ##.##.#...# #
######.# ####.###.###
###...P.### #@#.## ### ###
#.........## ##S## #### ### #.#
#..........# ### #..###.###..
#.....#..†###########.P.......#
#......#...#.##÷.#.#...........
##...#.....###........#..#.P.P#P
#..P.............##..###.#######
##............##.##### ### #
#...#.#.#..#.####


You could see a guardian serpent.

Vanquished Creatures
  Gastronok (Lair:2)
  A minotaur (Lab)
  A hydra (Lair:4)
  2 catoblepae (Lair:3)
  A two-headed ogre (D:12)
  2 death knights (D:13)
  The ghost of newuser the Quickloader, a novice KoHu of Okawaru (D:7)
  2 skeletal warriors
  5 unseen horrors
  An orb spider (Lair:2)
  2 oklob plants (Lair:1)
  An orc sorcerer (Orc:1)
  An ugly thing (D:11)
  A wolf spider (Lair:6)
  A deep elf mage (D:12)
  A manticore (D:13)
  3 merfolk sirens (Lair:4)
  13 elephants
  Joseph (Lair:1)
  12 black mambas
  A centaur zombie (D:13)
  An eye of devastation (D:11)
  Psyche (D:8)
  A torpor snail (Lair:2)
  4 gargoyles (Lab)
  12 spiny frogs
  2 freezing wraiths (D:13)
  2 kobold demonologists (D:13)
  2 komodo dragons
  2 trolls
  A merfolk (Lair:4)
  3 hornets
  Grinder (D:3)
  11 blink frogs
  4 slime creatures (D:12)
  A meliai zombie (D:11)
  6 dream sheep (Lair:4)
  5 hippogriffs
  3 redbacks
  5 shadows
  12 spriggans (Lair:1)
  2 wraiths
  33 yaks
  Sigmund (D:6)
  19 wyverns
  5 basilisks
  3 humans
  3 hogs (D:7)
  2 hungry ghosts (D:11)
  2 wargs (Orc:1)
  An acid dragon (D:11)
  22 water moccasins
  7 porcupines
  A black bear (D:6)
  An eye of draining (D:12)
  A phantom (D:11)
  10 orc warriors
  4 sky beasts
  8 ogres
  8 centaurs
  10 wolves
  10 crocodiles
  Blork the orc (D:5)
  2 big kobolds
  14 bullfrogs
  An earth elemental (Lab)
  3 scorpions
  46 killer bees (Lair:1)
  2 troll skeletons (Lab)
  A howler monkey (D:8)
  7 electric eels
  4 crimson imps
  3 centaur skeletons
  2 bullfrog zombies
  3 bullfrog skeletons
  8 hounds
  3 jellies
  8 orc priests
  8 orc wizards
  Crazy Yiuf (D:6)
  Ijyb (D:4)
  An iguana (D:13)
  5 worker ants
  7 hell rats (Lair:4)
  A hound skeleton (D:4)
  A howler monkey zombie (D:6)
  4 gnolls (D:6)
  8 adders
  5 shadow imps
  2 oozes (D:2)
  An adder zombie (D:5)
  An adder skeleton (D:4)
  3 worms
  4 dart slugs
  4 leopard geckos
  47 orcs
  5 bats (D:1)
  6 giant cockroaches
  11 goblins
  8 hobgoblins
  12 jackals
  10 kobolds
  7 quokkas
  2 ball pythons
  7 frilled lizards
  2 jackal skeletons
  A leopard gecko zombie (D:5)
  8 rats
  2 fungi
  A plant (Lair:6)
  4 spectral weapons
584 creatures vanquished.

Vanquished Creatures (collateral kills)
  A polar bear (Lair:4)
  A hornet (Lair:6)
2 creatures vanquished.

Vanquished Creatures (others)
  11 fungi
  13 plants
  18 spectral weapons
42 creatures vanquished.

Grand Total: 628 creatures vanquished

Notes
Turn   | Place    | Note
-------+----------+-------------------------------------------
     0 | D:1      | DildoBatman the Formicid Enchanter began the quest for the Orb.
     0 | D:1      | Reached XP level 1. HP: 13/13 MP: 3/3
   228 | D:1      | Reached skill level 1 in Fighting
   287 | D:1      | Reached XP level 2. HP: 18/22 MP: 3/5
   455 | D:1      | Reached XP level 3. HP: 13/28 MP: 3/6
   670 | D:1      | Learned a level 3 spell: Confuse
  1539 | D:2      | Reached XP level 4. HP: 34/35 MP: 4/7
  1710 | D:2      | Reached skill level 1 in Armour
  1759 | D:2      | Reached skill level 4 in Hexes
  2393 | D:3      | Reached XP level 5. HP: 41/41 MP: 8/8
  2938 | D:3      | Found a basalt altar of Yredelemnul.
  3008 | D:3      | Found a glowing golden altar of the Shining One.
  3008 | D:3      | Found a sacrificial altar of Ru.
  3418 | D:4      | Noticed Grinder
  4374 | D:4      | Reached XP level 6. HP: 26/48 MP: 2/9
  4813 | D:5      | Entered Level 5 of the Dungeon
  4813 | D:5      | Noticed Ijyb
  4839 | D:5      | Noticed an ogre
  4977 | D:5      | Found a stormy altar of Qazlal.
  5399 | D:5      | Noticed Blork the orc
  5624 | D:6      | Found a staircase to the Ecumenical Temple.
  5631 | Temple   | Entered the Ecumenical Temple
  5640 | Temple   | Became a worshipper of Sif Muna the Loreminder
  5734 | D:6      | Noticed a sky beast
  5747 | D:6      | Killed a sky beast
  5885 | D:6      | Noticed a black bear
  5933 | D:6      | Killed a black bear
  5933 | D:6      | Reached skill level 5 in Hexes
  5933 | D:6      | Reached XP level 7. HP: 38/54 MP: 4/10
  6197 | D:6      | Noticed Sigmund
  6308 | D:6      | Killed Sigmund
  6308 | D:6      | Reached skill level 6 in Hexes
  6343 | D:6      | Found a runed door.
  6427 | D:6      | Reached skill level 7 in Hexes
  6439 | D:6      | Found an opulent altar of Gozag.
  6598 | D:6      | Reached * piety under Sif Muna
  6671 | D:6      | Reached XP level 8. HP: 54/60 MP: 11/11
  6866 | D:6      | Reached skill level 8 in Hexes
  7139 | D:4      | Killed Ijyb
  7319 | D:3      | Killed Grinder
  7486 | D:5      | Killed Blork the orc
  7835 | D:6      | Noticed Crazy Yiuf
  7839 | D:6      | Killed Crazy Yiuf
  7948 | D:7      | Noticed newuser's ghost (novice KoHu)
  8121 | D:7      | Reached skill level 5 in Armour
  8121 | D:7      | Reached skill level 5 in Stealth
  8812 | D:6      | Reached skill level 5 in Fighting
  8812 | D:6      | Reached XP level 9. HP: 22/68 MP: 7/14
  9090 | D:7      | Killed newuser's ghost
  9090 | D:7      | Reached ** piety under Sif Muna
  9090 | D:7      | Reached skill level 5 in Spellcasting
  9090 | D:7      | Reached skill level 9 in Hexes
  9262 | D:7      | Found Bifiyghugu's Gadget Emporium.
  9454 | D:7      | Reached skill level 10 in Hexes
  9534 | D:7      | Reached XP level 10. HP: 64/74 MP: 13/18
  9768 | D:8      | Found a snail-covered altar of Cheibriados.
 10458 | D:8      | Noticed Psyche
 10479 | D:8      | Killed Psyche
 11190 | D:9      | Noticed Erolcha
 11246 | D:9      | Found Facaimaz's Food Boutique.
 11310 | D:9      | Found an ancient bone altar of Kikubaaqudgha.
 11320 | D:9      | Reached skill level 11 in Hexes
 11676 | D:9      | Reached *** piety under Sif Muna
 11781 | D:10     | Entered Level 10 of the Dungeon
 12704 | D:11     | Found a staircase to the Lair.
 12761 | D:11     | Noticed an unseen horror
 12788 | D:11     | Killed an unseen horror
 12788 | D:11     | Reached skill level 12 in Hexes
 12844 | D:11     | Noticed a cyan ugly thing
 12976 | D:11     | Noticed a four-headed hydra
 13232 | D:10     | Found Utoegaf's Book Shop.
 13471 | D:10     | Reached XP level 11. HP: 77/81 MP: 20/20
 13727 | D:11     | Reached **** piety under Sif Muna
 13901 | D:11     | Reached skill level 13 in Hexes
 14562 | D:12     | Noticed a two-headed ogre
 14586 | D:12     | Killed a two-headed ogre
 14605 | D:12     | Found a staircase to the Orcish Mines.
 14621 | D:12     | Noticed an unseen horror
 14651 | D:12     | Killed an unseen horror
 15359 | D:12     | Learned a level 2 spell: Slow
 15534 | D:12     | Found an iron altar of Okawaru.
 15830 | D:12     | Reached skill level 5 in Dodging
 15830 | D:12     | Reached XP level 12. HP: 83/91 MP: 15/24
 15957 | D:12     | Noticed an unseen horror
 16012 | D:12     | Killed an unseen horror
 16219 | D:13     | Reached skill level 14 in Hexes
 16240 | D:13     | Reached ***** piety under Sif Muna
 16308 | D:13     | Identified Sif Muna's Grimoire of Ice and Beguiling (Sif Muna gifted it to you on level 13 of the Dungeon)
 16308 | D:13     | Received a gift from Sif Muna
 16314 | D:13     | Learned a level 3 spell: Spectral Weapon
 16373 | D:13     | Noticed an unseen horror
 16393 | D:13     | Killed an unseen horror
 16393 | D:13     | Reached skill level 1 in Charms
 16400 | D:13     | Noticed a death knight
 16400 | D:13     | Noticed a skeletal warrior
 17022 | Lair:1   | Entered Level 1 of the Lair of Beasts
 17761 | Lair:1   | Reached skill level 15 in Hexes
 18186 | Lair:1   | Noticed Joseph
 18199 | Lair:1   | Killed Joseph
 18325 | Lair:1   | Reached XP level 13. HP: 84/96 MP: 15/26
 18832 | Lair:2   | Reached skill level 5 in Charms
 19077 | Lair:2   | Found a hole to the Spider Nest.
 19177 | Lair:2   | Noticed Gastronok
 19228 | Lair:2   | Killed Gastronok
 19228 | Lair:2   | Received a gift from Sif Muna
 19244 | Lair:2   | Learned a level 6 spell: Invisibility
 19602 | Lair:3   | Reached skill level 10 in Spellcasting
 19714 | Lair:3   | Noticed a catoblepas
 19900 | Lair:3   | Killed a catoblepas
 19900 | Lair:3   | Reached skill level 16 in Hexes
 20898 | Lair:4   | Noticed a catoblepas
 21094 | Lair:3   | Killed a catoblepas
 21251 | Lair:4   | Noticed a four-headed hydra
 21265 | Lair:4   | Killed a four-headed hydra
 21357 | Lair:4   | HP: 3/98 [blink frog (12)]
 21362 | Lair:4   | HP: 2/98 [blink frog (3)]
 21457 | Lair:4   | Reached XP level 14. HP: 72/105 MP: 12/28
 21586 | Lair:4   | Found a staircase to the Shoals.
 22327 | Lair:5   | Reached skill level 17 in Hexes
 22373 | Lair:5   | Noticed TheWayOfAllFlesh's ghost (journeyman GrEE)
 22486 | Lair:5   | Found a staircase to the Slime Pits.
 22702 | Lair:5   | Received a gift from Sif Muna
 22707 | Lair:5   | Identified Roggek's Almanac of Enthralling Stones (Sif Muna gifted it to you on level 5 of the Lair of Beasts)
 23314 | Lair:4   | Reached skill level 18 in Hexes
 23685 | Lair:6   | Entered Level 6 of the Lair of Beasts
 24083 | Lair:6   | Found a labyrinth entrance.
 24092 | Lab      | Entered a labyrinth
 24421 | Lab      | Found the +1 cloak of Starlight {rElec rC+ EV+4 Stlth--}
 24660 | Lab      | Got a pair of scorched boots
 24727 | Lab      | Identified the +0 pair of boots "Ydecureo" {rN+ Regen+} (You found it in a labyrinth)
 24977 | Lab      | Got a translucent glaive {drain}
 25069 | Lab      | Identified the cursed +0 glaive "Ighieh" {drain, rC+ Stlth+} (You took it off a minotaur in a labyrinth)
 26066 | Orc:1    | Entered Level 1 of the Orcish Mines
 26272 | Orc:1    | Reached skill level 10 in Stealth
 26902 | D:13     | Reached XP level 15. HP: 106/110 MP: 22/29
 26906 | D:13     | Gained mutation: You are dopey. (Int -2) [a neqoxec]
 27865 | Lair:1   | Reached skill level 1 in Shields
 28636 | Lair:6   | Received a gift from Sif Muna
 28683 | Lair:6   | Learned a level 3 spell: Regeneration
 29292 | Lair:6   | Reached skill level 1 in Evocations
 29324 | Lair:6   | Reached skill level 1 in Necromancy
 29331 | Lair:6   | Reached skill level 19 in Hexes
 29453 | Lair:5   | HP: 3/110 [guardian serpent/bolt of poison (17)]
 29454 | Lair:5   | Killed from afar by a guardian serpent

Skill      XL: |  1  2  3  4  5  6  7  8  9 10 11 12 13 14 15 |
---------------+----------------------------------------------+-----
Fighting       | 1 2 3 4 5 6 7 8 |  8.3
Dodging        | 2 3 4 5 6 |  6.0
Armour         | 2 3 4 5 6 7 8 |  8.2
Stealth        | 4 5 7 8 9 10 11 | 11.2
Hexes          | 4 5 7 8 10 12 13 15 16 18 19 | 19.0
Spellcasting   | 3 5 6 8 9 10 | 10.0
Charms         | 4 7 8 9 |  9.1
Shields        | 3 |  3.0
Evocations     | 1 |  1.5
Necromancy     | 1 |  1.4
Short Blades   | |  1.0

Action                   |  1- 3 |  4- 6 |  7- 9 | 10-12 | 13-15 || total
-------------------------+-------+-------+-------+-------+-------++-------
Melee: Dagger            |   164 |   311 |   103 |   411 |       ||   989
       Rapier            |       |    27 |    79 |       |       ||   106
       Spear             |       |       |    18 |       |       ||    18
       Quarterstaff      |       |       |    40 |   447 |   634 ||  1121
       Falchion          |       |       |    21 |     8 |     1 ||    30
       Flail             |       |       |       |     9 |       ||     9
       Glaive            |       |       |       |       |   220 ||   220
 Cast: Corona            |    35 |    70 |    38 |    71 |       ||   214
       Confuse           |       |     7 |    30 |   124 |   173 ||   334
       Slow              |       |       |       |    37 |    89 ||   126
       Spectral Weapon   |       |       |       |    35 |   150 ||   185
       Invisibility      |       |       |       |       |     5 ||     5
 Abil: Dig               |     1 |     6 |     3 |    20 |    62 ||    92
Evoke: Wand              |       |       |       |       |     1 ||     1
       Fan of gales      |       |       |       |       |     1 ||     1
  Use: Scroll            |       |     6 |       |     4 |     4 ||    14
       Potion            |       |       |       |       |     7 ||     7
 Stab: Sleeping          |       |     6 |     1 |     2 |       ||     9
       Confused          |       |     1 |    12 |    42 |    45 ||   100
       Petrified         |       |       |       |     2 |     6 ||     8
       Paralysed         |       |       |       |     4 |    17 ||    21
       Distracted        |       |       |       |     3 |     5 ||     8
       Invisible         |       |       |       |       |     2 ||     2
       Betrayed ally     |       |       |       |       |     1 ||     1
       Petrifying        |       |       |       |       |     2 ||     2
  Eat: Chunk             |     3 |    16 |    17 |    35 |    53 ||   124
       Ration            |       |       |       |     2 |     2 ||     4
Armor: Ring mail         |    69 |   138 |    89 |    70 |       ||   366
       Scale mail        |       |       |       |    91 |       ||    91
       Chain mail        |       |       |       |   121 |   333 ||   454
       Troll leather arm |       |       |       |    75 |    28 ||   103
Dodge: Dodged            |    95 |   188 |   140 |   486 |   497 ||  1406
Block: Other             |       |       |       |       |     4 ||     4
       Buckler           |       |       |       |       |    27 ||    27
       Rpst.: Falchion   |       |       |     3 |     2 |       ||     5
